 Dungeon Crawl Stone Soup version 0.26.0-10-g1f06aea511 (webtiles) character file.

Game seed: 10613697814392433143

61 gruber the Firebug (level 4, -8/33 HPs)
             Began as a Hill Orc Fire Elementalist on Jan 28, 2021.
             Mangled by Crazy Yiuf
             ... wielding a +2 quarterstaff of chaos
              (12 damage)
             ... on level 2 of the Dungeon.
             The game lasted 00:04:42 (3031 turns).

gruber the Firebug (Hill Orc Fire Elementalist)     Turns: 3031, Time: 00:04:42

Health: -8/33      AC:  3    Str: 10    XL:     4   Next: 7%
Magic:  1/6        EV: 12    Int: 16    God:
Gold:   115        SH:  0    Dex: 11    Spells: 1/6 levels left

rFire    . . .     SeeInvis .   d - -3 hunting sling (curse)
rCold    . . .     Faith    .   (no shield)
rNeg     . . .     Spirit   .   a - +0 robe
rPois    .         Reflect  .   g - +0 helmet
rElec    .         Harm     .   (no cloak)
rCorr    .         Rampage  .   (no gloves)
Will     .....                  (no boots)
Stlth    +.........             (no amulet)
HPRegen  0.11/turn              c - ring of attention (curse)
MPRegen  0.10/turn              (no ring)

@: no status effects
A: no striking features
a: no special abilities


You were on level 2 of the Dungeon.
You visited 1 branch of the dungeon, and saw 2 of its levels.

You collected 115 gold pieces.

Inventory:

Hand Weapons
 d - a cursed -3 hunting sling (weapon)
 f - a +0 hand axe
Armour
 a - a +0 robe (worn)
 g - a +0 helmet (worn)
Jewellery
 c - a cursed ring of attention (left hand)
Wands
 i - a wand of flame (12)
Scrolls
 b - 3 scrolls of fog
 k - a scroll of magic mapping
Potions
 e - a potion of resistance {unknown}
 h - a potion of cancellation


   Skills:
 - Level 1.5 Dodging
 - Level 1.5 Stealth
 - Level 1.5 Spellcasting
 * Level 1.1 Conjurations
 - Level 5.2 Fire Magic


You had one spell level left.
You knew the following spells:

 Your Spells              Type           Power        Failure   Level
a - Foxfire               Conj/Fire      44%          6%          1
b - Sticky Flame          Conj/Fire      11%          50%         4

Your spell library contained the following spells:

 Spells                   Type           Power        Failure   Level
 Conjure Flame            Conj/Fire      11%          17%         3
 Inner Flame              Hex/Fire       9%           22%         3
 Fireball                 Conj/Fire      5%           85%         5


Dungeon Overview and Level Annotations

Branches:
Dungeon (2/15)

Altars:

Annotations:
D:2 Crazy Yiuf


Message History

Crazy Yiuf yells, "Cake!
Rifle unthinkable turtle."
Crazy Yiuf whimpers, "Spliff green koolooloo!"
Casting: Sticky Flame (potentially lethal; 50% risk of failure)
Confirm with . or Enter, or press ? or * to list all spells.
The spell is potentially lethal to cast (50% risk of failure)!
Continue anyway?
Aiming: Sticky Flame (potentially lethal; 50% risk of failure)
Press: ? - help, Shift-Dir - straight line, f/p - Crazy Yiuf
Aim: Crazy Yiuf, wielding a +2 quarterstaff of chaos and wearing a +0 cloak (0% to evade)
The sticky flame hits Crazy Yiuf but does no damage.
Crazy Yiuf is covered in liquid flames!
Crazy Yiuf burns!
Crazy Yiuf hits you with a +2 quarterstaff of chaos!
* * * LOW HITPOINT WARNING * * *
Crazy Yiuf burns you.
* * * LOW HITPOINT WARNING * * *
Unknown command.
Unknown command.
Crazy Yiuf burns!
Crazy Yiuf burns!
Crazy Yiuf hits you with a +2 quarterstaff of chaos!
You die...

#####.# #.# #.# #.# #.# #.#
########.# ##.###.#
.........####...##.# ########
########......#....# #.......
#.###....#### #.######
#######.###.#.## #.#
#...........#.#### #.#
#.#####.#####.g@<# #.###### #.#
#.# #.##.# ###.##.... #.# #.#
#.##.# #...)..### #.# #.# #.##.#
#.#.#### ##.#####.#####.##.####
#.#.#
.........#...........###.#.#
##.#######.###........<....#
.............####.##.###.########
.#########.#.####.##.#...........


You could see Crazy Yiuf (burning).

Vanquished Creatures
  2 dart slugs
  A worm (D:2)
  2 leopard geckos (D:2)
  4 bats
  4 giant cockroaches
  6 hobgoblins
  3 jackals (D:1)
  7 kobolds
  3 quokkas (D:2)
  4 frilled lizards
  5 goblins
  8 rats
49 creatures vanquished.

Vanquished Creatures (others)
  173 foxfires
173 creatures vanquished.

Grand Total: 222 creatures vanquished

Notes
Turn   | Place    | Note
-------+----------+-------------------------------------------
     0 | D:1      | gruber the Hill Orc Fire Elementalist began the quest for
                  | the Orb.
     0 | D:1      | Reached XP level 1. HP: 14/14 MP: 3/3
   185 | D:1      | Reached XP level 2. HP: 20/20 MP: 0/4
   246 | D:1      | Reached skill level 4 in Fire Magic
   928 | D:1      | Reached XP level 3. HP: 26/26 MP: 1/5
  1845 | D:2      | Reached skill level 5 in Fire Magic
  2484 | D:2      | Reached XP level 4. HP: 33/33 MP: 3/6
  2494 | D:2      | Learned a level 4 spell: Sticky Flame
  2663 | D:2      | Found a runed translucent door.
  2664 | D:2      | Noticed Crazy Yiuf
  3031 | D:2      | Mangled by Crazy Yiuf

Illustrated notes

Levels and vault maps discovered:
D:1:      zaba_arrival_water, layout_loops_ring, minmay_misc_feat_doors,
          chequers_serial_rivers_small_3
D:2:      layout_loops_ring, roderic_three_in_a_row, uniq_crazy_yiuf_cottage

Skill      XL: |  1  2  3 |
---------------+----------+-----
Fire Magic     | 4 5 |  5.2
Dodging        | |  1.5
Stealth        | |  1.5
Spellcasting   | |  1.5
Conjurations   | |  1.1

Action                   |  1- 3 |  4- 6 || total
-------------------------+-------+-------++-------
Melee: Short sword       |     2 |       ||     2
       Unarmed           |     1 |       ||     1
 Cast: Foxfire           |   104 |     9 ||   113
       Sticky Flame      |       |     1 ||     1
  Use: Scroll            |       |     5 ||     5
Armor: Robe              |    13 |     1 ||    14
Dodge: Dodged            |    41 |     1 ||    42
